Map: New Repugnancy LE

Players

SortOf

  • Race: Zerg Zerg
  • Spawn Location: 7:00

Cloudy - Winner!

  • Race: Protoss Protoss
  • Spawn Location: 1:00

Event: 2019 WCS Spring

VOD

Have the link to the VOD?

Description

Time

  • Played on: May 18, 2019, 8:43 a.m.
  • Length: 11:00

All games in this series

Show
View Real Time Build Order
Export as new Build Order

SortOf Zerg 

Build Orders: Hatch First 

Get SALT Encoding   

  12  0:00  Drone  
  13  0:12  Overlord  
  13  0:17  Drone  
  14  0:31  Drone x2  
  16  0:49  Hatchery  
  15  0:52  Drone  
  15  0:55  Drone  
  17  0:59  Drone  
  18  1:10  Extractor  
  17  1:16  Spawning Pool  
  17  1:17  Drone  
  17  1:23  Drone  
  18  1:28  Drone  
  19  1:38  Overlord  
  19  1:50  Drone  
  20  2:04  Queen x2  
  20  2:06  Zergling x4  
  26  2:14  Drone  
  26  2:15  Metabolic Boost, Drone  
  28  2:25  Drone x2  
  30  2:39  Hatchery  
  29  2:46  Drone x2  
  29  2:49  Overlord  
  31  2:52  Drone  
  31  2:57  Drone x2  
  34  3:03  Queen  
  36  3:07  Overlord  
  36  3:10  Drone  
  37  3:15  Drone  
  38  3:21  Drone x2  
  38  3:22  Drone  
  38  3:24  Lair  
  41  3:29  Drone x2  
  43  3:37  Roach Warren, Drone  
  43  3:40  Spore Crawler  
  42  3:43  Drone x2  
  44  3:50  Drone x3  
  47  3:56  Zergling x8  
  47  3:58  Drone  
  47  4:00  Extractor  
  47  4:01  Extractor  
  50  4:07  Overlord  
  50  4:15  Overlord x2  
  52  4:17  Roach x2  
  52  4:19  Roach  
  52  4:21  Overseer  
  56  4:25  Roach  
  56  4:27  Overlord, Drone x2  
  56  4:30  Drone  
  61  4:34  Roach  
  63  4:40  Drone x2  
  63  4:41  Drone  
  63  4:42  Drone  
  63  4:43  Drone  
  68  4:46  Overlord  
  68  4:50  Roach  
  70  4:54  Roach  
  70  4:56  Queen  
  74  5:02  Roach x2  
  74  5:05  Drone  
  79  5:07  Roach  
  79  5:08  Drone x2  
  79  5:10  Drone  
  84  5:16  Roach x2  
  84  5:19  Overlord  
  84  5:21  Drone x2  
  90  5:25  Drone x2  
  92  5:29  Glial Reconstitution  
  92  5:30  Overlord  
  92  5:32  Drone  
  92  5:35  Drone x2  
  95  5:41  Overlord  
  95  5:42  Roach x2, Overseer  
  99  5:48  Overlord  
  98  5:56  Hatchery  
  96  6:00  Extractor  
  94  6:13  Drone x6, Spire  
  94  6:15  Overlord  
  99  6:25  Drone x5  
  101  6:29  Extractor  
  101  6:31  Overlord  
  101  6:32  Extractor  
  100  6:34  Overseer  
  100  6:37  Roach  
  102  6:41  Roach  
  102  6:45  Roach x3  
  110  6:48  Baneling Nest  
  110  6:52  Roach x3  
  110  6:53  Roach  
  117  7:01  Roach x2  
  120  7:10  Drone  
  120  7:11  Drone x2  
  123  7:26  Mutalisk x6, Overlord  
  123  7:28  Roach  
  137  7:34  Spine Crawler  
  137  7:36  Overlord  
  136  7:40  Ravager, Overlord  
  136  7:44  Overlord  
  137  7:46  Roach x3  
  139  7:54  Roach x3  
  138  8:01  Ravager x3  
  137  8:05  Roach  
  137  8:06  Roach  
  137  8:11  Overlord  
  139  8:16  Overlord  
  139  8:17  Roach  
  135  8:23  Roach  
  135  8:25  Roach  
  135  8:26  Roach  
  133  8:33  Roach x4, Queen  
  123  8:36  Roach  
  120  8:46  Roach x3  
  122  8:50  Roach  
  122  8:54  Ravager  
  115  9:05  Roach  
Show
View Real Time Build Order
Export as new Build Order

Cloudy Protoss - Winner!

Build Orders: 1 Gate Expand, Archon Immortal, Archon Drop, Dark Templar Rush 

Get SALT Encoding   

  12  0:01  Probe  
  13  0:13  Probe  
  14  0:19  Pylon  
  14  0:25  Probe  
  15  0:34  Probe  
  15  0:38  Gateway  
  16  0:43  Probe  
  16  0:47  Assimilator  
  17  0:52  Probe  
  18  1:04  Probe  
  19  1:17  Probe  
  20  1:27  Nexus  
  20  1:35  Cybernetics Core  
  20  1:38  Probe  
  21  1:46  Assimilator  
  21  1:50  Probe  
  22  1:57  Pylon  
  22  2:02  Probe  
  23  2:10  Stalker  
  25  2:16  Warp Gate  
  25  2:21  Probe  
  26  2:28  Twilight Council  
  26  2:33  Probe  
  27  2:39  Probe  
  28  2:44  Robotics Facility  
  28  2:47  Probe  
  28  2:51  Zealot, Probe  
  32  2:59  Gateway  
  32  3:05  Probe  
  34  3:10  Probe, Dark Shrine  
  34  3:18  Probe  
  34  3:19  Probe  
  35  3:23  Warp Prism  
  35  3:24  Gateway  
  36  3:33  Probe  
  38  3:36  Probe  
  40  3:42  Probe, Pylon  
  41  3:48  Probe  
  41  3:51  Assimilator, Probe  
  41  3:52  Pylon  
  43  3:58  Assimilator  
  43  3:59  Observer  
  43  4:00  Probe  
  45  4:02  Probe  
  46  4:12  Probe  
  46  4:15  Probe  
  48  4:22  Dark Templar  
  48  4:23  Dark Templar  
  52  4:24  Dark Templar, Probe  
  55  4:35  Probe  
  55  4:36  Probe  
  57  4:43  Pylon  
  57  4:50  Forge  
  57  4:56  Dark Templar x2  
  57  4:58  Archon  
  61  5:00  Archon  
  61  5:01  Dark Templar  
  61  5:05  Pylon  
  61  5:06  Pylon  
  63  5:13  Probe  
  64  5:15  Immortal  
  64  5:22  Nexus  
  64  5:25  Pylon  
  68  5:30  Charge  
  68  5:31  Protoss Ground Weapons Level 1  
  68  5:35  Pylon  
  68  5:39  Zealot  
  68  5:40  Zealot  
  72  5:44  Adept  
  72  5:47  Immortal  
  76  6:11  Stalker x2  
  78  6:13  Sentry  
  81  6:20  Gateway  
  81  6:24  Probe x2  
  81  6:25  Gateway  
  83  6:28  Immortal  
  83  6:31  Archon  
  83  6:36  Probe  
  83  6:39  Gateway  
  88  6:40  Gateway  
  88  6:42  Sentry  
  88  6:46  Probe x2  
  92  6:48  Probe  
  92  6:52  Gateway  
  92  6:53  Sentry  
  95  6:58  Probe x2  
  97  7:01  Sentry  
  97  7:03  Probe  
  97  7:08  Pylon  
  100  7:09  Pylon  
  100  7:10  Probe x2  
  100  7:15  Probe  
  103  7:17  Zealot x3  
  103  7:22  Probe  
  110  7:29  Probe x2  
  112  7:32  Zealot x2  
  112  7:35  Pylon  
  116  7:40  Zealot x5  
  122  7:55  Probe x2  
  122  7:56  Immortal  
  128  8:03  Zealot  
  128  8:12  Zealot x6  
  140  8:15  Protoss Ground Weapons Level 2  
  96  8:34  Zealot x8  
  74  9:01  Dark Templar x3  
  74  9:02  Dark Templar x3  
  75  9:05  Sentry  
  75  9:06  Archon x2  
  58  9:30  Probe  
  59  9:38  Archon  
Tags
 
Add a new tag
Caveats
  • Supply blocks, unpowered buildings, or Contaminate may cause inaccurate times.
  • Supply counts are checked every 10 seconds.